 Dungeon Crawl Stone Soup version 0.28-a0-1429-gf3d713df7a (webtiles) character file.

Game seed: 9834481377927893037

242 Hasart the Sneak (level 6, -3/32 HPs)
             Began as a Kobold Enchanter on Jan 8, 2022.
             Killed from afar by a white imp (5 damage)
             ... with a puff of frost
             ... summoned by Eustachio
             ... on level 4 of the Dungeon.
             The game lasted 00:07:31 (2945 turns).

Hasart the Sneak (Kobold Enchanter)                 Turns: 2945, Time: 00:07:32

Health: -3/32      AC:  5    Str:  5    XL:     6   Next: 30%
Magic:  10/10      EV: 15    Int: 18    God:
Gold:   84         SH:  0    Dex: 16    Spells: 3/11 levels left

rFire   . . .      SeeInvis .   d - +2 dagger (venom)
rCold   . . .      Faith    .   (no shield)
rNeg    . . .      Spirit   .   o - +2 robe {Will+}
rPois   .          Reflect  .   h - +0 helmet
rElec   .          Harm     .   (no cloak)
rCorr   .          Rampage  .   (no gloves)
Will    +....                   (no boots)
Stlth   ++++......              (no amulet)
HPRegen 0.10/turn               (no ring)
MPRegen 0.12/turn               (no ring)

@: no status effects
A: small, no large weapons, nightstalker 3
a: no special abilities


You were on level 4 of the Dungeon.
You visited 1 branch of the dungeon, and saw 4 of its levels.

You collected 84 gold pieces.

Inventory:

Hand Weapons
 d - a +2 dagger of venom (weapon)
Armour
 h - a +0 helmet (worn)
 o - a +2 robe of willpower (worn)
Scrolls
 e - a scroll of enchant weapon
Potions
 c - a potion of invisibility
 f - a potion of brilliance
 i - 2 potions of degeneration {unknown}
 l - a potion of attraction {unknown}
 m - a potion of mutation {unknown}
 n - 2 potions of curing


   Skills:
 + Level 3.2 Short Blades
 + Level 3.6 Dodging
 + Level 5.1 Stealth
 + Level 3.1 Spellcasting
 * Level 4.3 Hexes
 + Level 1.4 Ice Magic


You had 3 spell levels left.
You knew the following spells:

 Your Spells              Type           Power      Damage    Failure   Level
a - Ensorcelled Hibernat  Hex/Ice        26%        N/A       8%          2
b - Confusing Touch       Hex            18%        N/A       9%          3
c - Tukima's Dance        Hex            18%        N/A       9%          3

Your spell library contained the following spells:

 Spells                   Type           Power      Damage    Failure   Level
 Dazzling Flash           Conj/Hex       20%        N/A       21%         3
 Enfeeble                 Hex            9%         N/A       100%        7


Dungeon Overview and Level Annotations

Branches:
Dungeon (4/15)
 Temple: D:4-7

Altars:
Fedhas

Annotations:
D:4 Eustachio


Innate Abilities, Weirdness & Mutations

You are small and have problems with some larger weapons.
You are completely attuned to the shadows.


Message History

You hit the quokka but do no damage.
The quokka appears confused.
The quokka barely misses you.
The shadow imp hits you but does no damage.
You hit the quokka.
The quokka is poisoned.
The quokka is severely wounded.
The quokka misses you.
The shadow imp disappears for a moment.
The shadow imp hits you but does no damage.
You hit the quokka.
You kill the quokka!
The quokka's corpse disappears in a puff of smoke!
The hobgoblin barely misses you.
You hit the hobgoblin but do no damage.
The hobgoblin is poisoned.
The hobgoblin hits you but does no damage.
The shadow imp barely misses you.
You barely miss the hobgoblin. The hobgoblin closely misses you.
The shadow imp closely misses you.
You barely miss the hobgoblin. The hobgoblin hits you.
The shadow imp barely misses you.
You hit the hobgoblin.
The hobgoblin looks as sick as possible!
The hobgoblin is severely wounded.
The hobgoblin hits you but does no damage.
The shadow imp closely misses you.
You barely miss the hobgoblin.
The hobgoblin is severely wounded.
The shadow imp disappears in a puff of smoke!
The hobgoblin closely misses you.
You hit the hobgoblin.
You kill the hobgoblin!
The white imp barely misses you. The white imp gestures at you.
The puff of frost hits you!
* * * LOW HITPOINT WARNING * * *
The white imp gestures at you. The puff of frost hits you!
* * * LOW HITPOINT WARNING * * *
The white imp gestures at you. The puff of frost hits you.
You die...

### ..# #.#
.#####.########
........5@.@...#
..#...#.######.#
........# #.#
#.......# #)#
###@#### #)# #.#
####.### #.#
#........ #'#
#.##.#... ...
#.##.#.#.
#>##....
#.##.#.#.#
##.#....#.##
+...........


You could see a white imp (summoned).

Vanquished Creatures
  An ice beast (D:3)
  Terence (D:2)
  Robin (D:4)
  An adder (D:2)
  A dart slug (D:1)
  6 orcs (D:3)
  14 bats
  8 endoplasms
  6 giant cockroaches
  11 goblins
  10 hobgoblins
  5 quokkas
  8 ball pythons
  5 frilled lizards
  2 kobolds
  8 rats
88 creatures vanquished.

Notes
Turn   | Place    | Note
-------+----------+-------------------------------------------
     0 | D:1      | Hasart the Kobold Enchanter began the quest for the Orb.
     0 | D:1      | Reached XP level 1. HP: 10/10 MP: 3/3
   110 | D:1      | Reached XP level 2. HP: 15/15 MP: 5/5
   119 | D:1      | Learned a level 2 spell: Ensorcelled Hibernation
   372 | D:1      | Reached XP level 3. HP: 19/19 MP: 1/6
  1109 | D:2      | Noticed Terence
  1111 | D:2      | Reached XP level 4. HP: 24/24 MP: 7/7
  1114 | D:2      | Killed Terence
  1680 | D:2      | Reached XP level 5. HP: 26/28 MP: 9/9
  2082 | D:3      | Noticed an ice beast
  2110 | D:2      | Learned a level 3 spell: Confusing Touch
  2114 | D:2      | Learned a level 3 spell: Tukima's Dance
  2144 | D:3      | Killed an ice beast
  2145 | D:3      | Reached skill level 5 in Stealth
  2145 | D:3      | Reached skill level 1 in Ice Magic
  2145 | D:3      | Reached XP level 6. HP: 16/32 MP: 7/10
  2347 | D:3      | Found a blossoming altar of Fedhas.
  2502 | D:3      | Found a faded altar of an unknown god.
  2888 | D:4      | Noticed Robin
  2902 | D:4      | Killed Robin
  2914 | D:4      | Noticed Eustachio
  2945 | D:4      | Killed from afar by a white imp

Illustrated notes

Levels and vault maps discovered:
D:1:      heliophobic_arrival_henge, layout_basic
D:2:      layout_loops_cross, uniq_terence
D:3:      layout_rooms, mainiacjoe_overflow_paths,
          hellmonk_ecumenical_altar_pennies_from_heaven
D:4:      layout_loops_corners, minmay_temple_entry_from_below_a, uniq_ijyb,
          uniq_eustachio, uniq_robin

Skill      XL: |  1  2  3  4  5 |
---------------+----------------+-----
Short Blades   | 2 3 |  3.2
Dodging        | 3 |  3.6
Stealth        | 5 |  5.1
Spellcasting   | 3 |  3.1
Hexes          | 4 |  4.3
Ice Magic      | 1 |  1.4

Action                   |  1- 3 |  4- 6 || total
-------------------------+-------+-------++-------
Melee: Dagger            |    70 |   146 ||   216
       Punch             |       |     1 ||     1
 Cast: Ensorcelled Hiber |     7 |       ||     7
       Confusing Touch   |       |     2 ||     2
  Use: Scroll            |       |     6 ||     6
 Stab: Sleeping          |    22 |    11 ||    33
       Confused          |       |     2 ||     2
Armor: Robe              |    18 |    24 ||    42
Dodge: Dodged            |    57 |    89 ||   146

Table legend: (Time is in decaauts)
 A = Elapsed time spent in this place.
 B = Non-inter-level travel time spent in this place.
 C = Inter-level travel time spent in this place.
 D = Time resting spent in this place.
 E = Time spent auto-exploring this place.
 F = Levels seen in this place.
 G = Mean time per level.
                   A        B        C        D        E       F      G
               +--------+--------+--------+--------+--------+-----+--------+
         Total |   2918 |   2824 |     94 |     17 |   2198 |   4 |  729.5 |
       Dungeon |   2918 |   2824 |     94 |     17 |   2198 |   4 |  729.5 |
               +--------+--------+--------+--------+--------+-----+--------+

Top non-repeatable levels by time:
     D:2: 1017 daAuts
     D:3: 919 daAuts
     D:1: 892 daAuts
     D:4: 88 daAuts
